 Dungeon Sprint DCSS version 0.27-a0-1137-g3ef0f4ec91 (webtiles) character file.

Game seed: 8144644327398572751

0 Scarexists the Covered (level 2, -2/24 HPs)
             Began as a Human Fighter on May 6, 2021.
             Slain by an orc
             ... wielding a +0 mace
              (7 damage)
             ... in the Dungeon (Sprint VI: "Thunderdome").
             The game lasted 00:01:59 (114 turns).

Scarexists the Covered (Human Fighter)               Turns: 114, Time: 00:01:59

Health: -2/24      AC:  6    Str: 16    XL:     2   Next: 10%
Magic:  0/2        EV:  7    Int:  8    God:
Gold:   155        SH:  9    Dex: 12    Spells: 1/1 levels left

rFire    . . .     SeeInvis .   a - +0 long sword
rCold    . . .     Faith    .   c - +0 kite shield
rNeg     . . .     Spirit   +   b - +0 scale mail
rPois    .         Reflect  .   (no helmet)
rElec    .         Harm     +   (no cloak)
rCorr    .         Rampage  .   (no gloves)
Will     .....     NoTele   +   (no boots)
Stlth    +.........             o - amulet of Vanity {Spirit -Tele Harm Stlth+}
HPRegen  0.08/turn              (no ring)
MPRegen  0.08/turn              (no ring)

@: no status effects
A: no striking features
a: no special abilities


You were in the Dungeon.
You visited 1 branch You collected 200 gold pieces.
You spent 45 gold pieces at shops.

Inventory:

Hand Weapons
 a - a +0 long sword (weapon)
Armour
 b - a +0 scale mail (worn)
 c - a +0 kite shield (worn)
Jewellery
 o - the amulet of Vanity (around neck) {Spirit -Tele Harm Stlth+}
   (You bought it in a shop in the Dungeon)

   [amulet of guardian spirit]

   It causes incoming damage to be divided between your reserves of health and
   magic.
   It prevents most forms of teleportation.
   It increases damage dealt and taken.
   It makes you more stealthy.
Wands
 l - a wand of acid (5)
 m - a wand of iceblast (5)
Scrolls
 j - 4 scrolls of blinking
 n - 3 scrolls of fog
Potions
 d - a potion of might
 e - a potion of curing
 f - 4 potions of heal wounds
 g - 4 potions of haste
 h - 2 potions of magic
 i - a potion of berserk rage
 k - a potion of resistance


   Skills:
 + Level 3.5 Fighting
 + Level 2.5 Long Blades
 + Level 3.6 Armour
 + Level 3.6 Shields


You had one spell level left.
You didn't know any spells.
Your spell library was empty.

Dungeon Overview and Level Annotations

Branches:
Dungeon (1/1)

Altars:
Cheibriados
Dithmenos
Gozag
Kikubaaqudgha
Makhleb
Qazlal
Sif Muna
Uskayaw
Vehumet
Xom
Yredelemnul
Zin
Beogh
Jiyva

Shops:
D *[???:(


Message History

The endoplasm hits you.
Found a shimmering altar of Xom.
You hit the endoplasm but do no damage.
The endoplasm is lightly wounded.
The endoplasm closely misses you.
You hit the endoplasm but do no damage.
The endoplasm is lightly wounded.
The endoplasm freezes you.
You are frozen.
The endoplasm hits you but does no damage.
You hit the endoplasm.
You kill the endoplasm!
You have reached level 2!
The goblin shouts!
Found a shadowy altar of Dithmenos.
You block the goblin's attack.
You hit the goblin.
You kill the goblin!
Found Minlyx Puhu's Magic Scroll Shop.
Things that are here:
a +0 club; a goblin corpse
Found Ofynal's Staff Store.
Found three altars.
Found Fachioj's Magic Scroll Shop and Ozxeul's Must-Have Magic.
An orc comes into view. It is wielding a +0 mace.
The orc shouts!
There is an entrance to Fachioj's Magic Scroll Shop here.
An orc is nearby! 50...
The orc hits you with a +0 mace.
There is a shadowy altar of Dithmenos here.
You block the orc's attack.
There is a basalt altar of Yredelemnul here.
You block the orc's attack.
There is a snail-covered altar of Cheibriados here.
The orc hits you with a +0 mace.
* * * LOW HITPOINT WARNING * * *
You hit the orc.
The orc is almost dead.
The orc hits you with a +0 mace!
You die...

##⌠⌠⌠## #.....#
##.....## ##∩.....∩##
#∩.......∩# #_......._#
#_......._# #o......._#
###@........###
#⌠...........⌠#
######.8.........8.#
##.___..)...###......
###∩........8.# .8...
##....†........###.....
#⌠..........###...# #.
#⌠..........# #.<.#
#⌠..........###...#


You could see an orc.

Vanquished Creatures
  A worm (D)
  An endoplasm (D)
  A giant cockroach (D)
  A goblin (D)
4 creatures vanquished.

Notes
Turn   | Place    | Note
-------+----------+-------------------------------------------
     0 | D        | Scarexists the Human Fighter began the quest for the Orb.
     0 | D        | Reached XP level 1. HP: 18/18 MP: 1/1
     2 | D        | Found an opulent altar of Gozag.
     2 | D        | Found a snail-covered altar of Cheibriados.
     3 | D        | Found a stormy altar of Qazlal.
     3 | D        | Found a basalt altar of Yredelemnul.
     4 | D        | Found a radiant altar of Vehumet.
     4 | D        | Found an ancient bone altar of Kikubaaqudgha.
     5 | D        | Found a glowing silver altar of Zin.
     5 | D        | Found a burning altar of Makhleb.
     5 | D        | Found Wotio's Identification Station.
     5 | D        | Round 1.
     6 | D        | Found Gyng's Jewellery.
     6 | D        | Found Umpiux's Advanced Armour.
    28 | D        | Bought a shimmering brass amulet for 45 gold pieces
    28 | D        | Identified the amulet of Vanity {Spirit -Tele Harm Stlth+}
                  | (You bought it in a shop in the Dungeon)
    74 | D        | Found a shimmering blue altar of Sif Muna.
    77 | D        | Found a shimmering altar of Xom.
    81 | D        | Reached XP level 2. HP: 12/24 MP: 2/2
    90 | D        | Found a shadowy altar of Dithmenos.
    93 | D        | Found Minlyx Puhu's Magic Scroll Shop.
    95 | D        | Found a viscous altar of Jiyva.
    95 | D        | Found a hide-covered altar of Uskayaw.
    95 | D        | Found Ofynal's Staff Store.
    97 | D        | Found Fachioj's Magic Scroll Shop.
    97 | D        | Found Ozxeul's Must-Have Magic.
   114 | D        | Slain by an orc

Illustrated notes

Levels and vault maps discovered:
D:        arena_sprint

Action                   || total
-------------------------++-------
Melee: Long sword        ||     9
Armor: Scale mail        ||     2
Dodge: Dodged            ||     4
Block: Kite shield       ||     4
       Rpst.: Long sword ||     2

Table legend: (Time is in decaauts)
 A = Elapsed time spent in this place.
 B = Non-inter-level travel time spent in this place.
 C = Inter-level travel time spent in this place.
 D = Time resting spent in this place.
 E = Time spent auto-exploring this place.
 F = Levels seen in this place.
 G = Mean time per level.
                   A        B        C        D        E       F      G
               +--------+--------+--------+--------+--------+-----+--------+
         Total |    118 |    114 |      4 |      0 |     30 |   1 |  118.0 |
       Dungeon |    118 |    114 |      4 |      0 |     30 |   1 |  118.0 |
               +--------+--------+--------+--------+--------+-----+--------+

Top non-repeatable levels by time:
       D: 118 daAuts
